 Dungeon Crawl Stone Soup version 0.27-a0-972-gd1521fd518 (webtiles) character file.

Game seed: 6805614166613452122

50 robertstho the Magician (level 3, -6/26 HPs)
             Began as a Djinni Fire Elementalist on Apr 13, 2021.
             Mangled by Terence
             ... wielding a +0 flail
              (8 damage)
             ... on level 2 of the Dungeon.
             The game lasted 00:03:30 (2342 turns).

robertstho the Magician (Djinni Fire Elementalist)  Turns: 2342, Time: 00:03:30

Health: -6/26      AC:  2    Str:  7    XL:     3   Next: 79%
Gold:   69         EV: 12    Int: 17    God:
                   SH:  0    Dex: 13

rFire    + + .     SeeInvis .   f - +0 dagger
rCold    x . .     Faith    .   (no shield)
rNeg     . . .     Spirit   .   a - +0 robe
rPois    ∞         Reflect  .   (no helmet)
rElec    .         Harm     .   (no cloak)
rCorr    +         Rampage  .   (no gloves)
Will     .....                  (boots unavailable)
Stlth    ++........             (no amulet)
HPRegen  0.08/turn              e - ring of resist corrosion
MPRegen  0.00/turn              (no ring)

@: flying
A: fire resistance 2, cold vulnerability 1, float, innate caster, hp casting,
extra vitality 1
a: no special abilities


You were on level 2 of the Dungeon.
You visited 1 branch of the dungeon, and saw 2 of its levels.

You collected 69 gold pieces.

Inventory:

Hand Weapons
 f - a +0 dagger (weapon)
Armour
 a - a +0 robe (worn)
Jewellery
 e - a ring of resist corrosion (left hand)
Potions
 g - a potion of brilliance


   Skills:
 * Level 0.8 Fighting
 + Level 2.3 Dodging
 + Level 1.7 Stealth
 * Level 3.7 Spellcasting


You couldn't memorise any spells.
You knew the following spells:

 Your Spells              Type           Power      Damage    Failure   Level
a - Foxfire               Conj/Fire      60%        2x1d7     3%          1
b - Conjure Flame         Conj/Fire      15%        6-21      11%         3
c - Inner Flame           Hex/Fire       15%        N/A       11%         3
d - Sticky Flame          Conj/Fire      15%        2d4       34%         4
e - Fireball              Conj/Fire      7%         3d5       67%         5
f - Sandblast             Erth           30%        2d9       3%          1
Your spell library was empty.

Dungeon Overview and Level Annotations

Branches:
Dungeon (2/15)

Altars:

Annotations:
D:2 Terence


Innate Abilities, Weirdness & Mutations

You are immune to poison.
Your flesh is very heat resistant. (rF++)
You are vulnerable to cold. (rC-)
You float through the air rather than walking.
You learn spells naturally, not from books.
Your magical power is your life essence.
You have superior vitality. (+4 HP)


Message History

* * * LOW HITPOINT WARNING * * *
Terence completely misses you.
Terence shouts, "Get ready for death!"
There is a stone staircase leading up here.
Terence hits you with a +0 flail.
* * * LOW HITPOINT WARNING * * *
You fly upwards.
There is a stone staircase leading down here.
Terence screams, "I'm going to kill you!"
Terence says, "Rest in peace."
Terence screams, "I'm going to kill you!"
Terence shouts, "DIE!!!"
Terence looks scornfully at you.
There is a stone staircase leading down here.
Terence closely misses you.
You fly downwards.
There is a stone staircase leading up here.
Terence asks, "Do you want it fast or slow?"
You see here a +0 trident.
Terence looks scornfully at you.
You aren't carrying any scrolls.
Okay, then.
Okay, then.
You see here a +0 trident.
Casting: Foxfire (safe; 3% risk of failure)
Confirm with . or Enter, or press ? or * to list all spells.
You conjure some foxfire!
Terence hits you with a +0 flail!
* * * LOW HITPOINT WARNING * * *
The foxfire hits Terence.
Terence is moderately wounded.
The foxfire hits Terence.
Terence is heavily wounded.
Terence misses you.
Unknown command.
Casting: Foxfire (safe; 3% risk of failure)
Confirm with . or Enter, or press ? or * to list all spells.
You conjure some foxfire!
* * * LOW HITPOINT WARNING * * *
Terence hits you with a +0 flail!
You die...

###### #..<.# ##.##.#
######### #..##.#####.......#
##.###.##....###.###
#######..###.#..#### #.#
............@v.## #.#
######.##..@v.# #.#
#.##.#.#..######.#####.
#.##.#.##..............
#######....#.########.######.
#.......####.# #.# #..###.###
#.# #####.######. ##.#
##.####............ ##..#
#.......###.######.


You could see Terence (ally target).

Vanquished Creatures
  2 adders (D:2)
  2 dart slugs (D:1)
  3 endoplasms
  A giant cockroach (D:2)
  2 goblins
  4 hobgoblins
  A quokka (D:2)
  2 ball pythons
  3 bats
  4 frilled lizards (D:1)
  A kobold (D:1)
  3 rats (D:1)
28 creatures vanquished.

Vanquished Creatures (others)
  119 foxfires
119 creatures vanquished.

Grand Total: 147 creatures vanquished

Notes
Turn   | Place    | Note
-------+----------+-------------------------------------------
     0 | D:1      | robertstho the Djinni Fire Elementalist began the quest for
                  | the Orb.
     0 | D:1      | Reached XP level 1. HP: 15/15 MP: 0/0
   510 | D:1      | Reached skill level 3 in Spellcasting
   584 | D:1      | Reached XP level 2. HP: 17/21 MP: 0/0
   646 | D:1      | Found a faded altar of an unknown god.
  1528 | D:2      | Reached XP level 3. HP: 24/26 MP: 0/0
  1528 | D:2      | Learned a level 1 spell: Sandblast
  1825 | D:2      | Noticed Terence
  2342 | D:2      | Mangled by Terence

Illustrated notes

Levels and vault maps discovered:
D:1:      wander_arrival_lonely_grave, layout_basic,
          hellmonk_ecumenical_altar_arch_garden
D:2:      layout_rooms, hangedman_decor_growths, uniq_terence

Skill      XL: |  1 |
---------------+----+-----
Spellcasting   | 3 |  3.7
Fighting       | |  0.8
Dodging        | |  2.3
Stealth        | |  1.7

Action                   || total
-------------------------++-------
Melee: Unarmed           ||     1
 Cast: Foxfire           ||    71
  Use: Scroll            ||     3
       Potion            ||     1
Armor: Robe              ||     1
Dodge: Dodged            ||    22

Table legend: (Time is in decaauts)
 A = Elapsed time spent in this place.
 B = Non-inter-level travel time spent in this place.
 C = Inter-level travel time spent in this place.
 D = Time resting spent in this place.
 E = Time spent auto-exploring this place.
 F = Levels seen in this place.
 G = Mean time per level.
                   A        B        C        D        E       F      G
               +--------+--------+--------+--------+--------+-----+--------+
         Total |   2342 |   2261 |     81 |    183 |   1716 |   2 | 1171.0 |
       Dungeon |   2342 |   2261 |     81 |    183 |   1716 |   2 | 1171.0 |
               +--------+--------+--------+--------+--------+-----+--------+

Top non-repeatable levels by time:
     D:1: 1609 daAuts
     D:2: 733 daAuts
